 Dungeon Sprint DCSS version 0.17-a0-1248-g117de50 (webtiles) character file.

970 Kidiri the Covert (level 7, -1/39 HPs)
             Began as a Spriggan Assassin on June 5, 2015.
             Slain by a kraken (40 damage)
             ... in the Dungeon (Sprint II: "The Violet Keep of Menkaure").
             The game lasted 00:06:56 (522 turns).

Kidiri the Covert (Spriggan Assassin)                Turns: 522, Time: 00:06:56

Health: -1/39      AC:  3    Str: 14    XL:     7   Next: 94%
Magic:  6/8        EV: 32    Int: 12    God:
Gold:   29         SH:  0    Dex: 24    Spells: 0 memorised, 6 levels left

rFire  . . .     SeeInvis +     a - +2 dagger
rCold  + + .     Clarity  +     o - +0 robe of Biagubuff {rElec rCorr Str+4} (curse)
rNeg   . . .     SustAt   .     (shield restricted)
rPois  .         Gourm    .     (helmet restricted)
rElec  +         Spirit   .     d - +0 cloak
rCorr  +         Warding  .     (gloves unavailable)
rMut   .         NoTele   +     (boots unavailable)
MR     +....                    n - amulet of the Fool {Clar +Inv rC++ Str+3 Dex+4}
Stlth  ++++++++..               (no ring)
                                (no ring)

@: very slightly contaminated, invisible, very quick, somewhat resistant to
hostile enchantments, extraordinarily stealthy
A: unfitting armour, talons 1, camouflage 1, see invisible, herbivore 3, speed
3, slow metabolism 2, evolution 1
a: Turn Visible


You were in the Dungeon.
You were not hungry.

You visited 1 branch You collected 972 gold pieces.
You spent 943 gold pieces at shops.

Inventory:

Hand weapons
 a - a +2 dagger (weapon)
 b - a +0 blowgun
Missiles
 e - 8 poisoned needles
 f - a curare-tipped needle
Armour
 c - a +0 robe
 d - a +0 cloak (worn)
 o - the cursed +0 robe of Biagubuff (worn) {rElec rCorr Str+4}
   (You bought it in a shop in the Dungeon)

   It affects your strength (+4).
   It insulates you from electricity.
   It protects you from acid and corrosion.
   It has a curse placed upon it.
Jewellery
 n - the amulet of the Fool (around neck) {Clar +Inv rC++ Str+3 Dex+4}
   (You bought it in a shop in the Dungeon)

   [amulet of clarity]

   It provides mental clarity.
   It affects your strength (+3).
   It affects your dexterity (+4).
   It greatly protects you from cold.
   It lets you turn invisible.
Scrolls
 m - a scroll of blinking
Potions
 h - a potion of curing
 i - a potion of heal wounds
 j - a potion of haste
 k - 2 potions of magic
 l - a potion of berserk rage
Comestibles
 g - a bread ration


   Skills:
 + Level 5.2 Fighting
 * Level 9.9 Short Blades
 + Level 6.9 Throwing
 * Level 12.2 Dodging
 * Level 14.0 Stealth
 + Level 0.0 Evocations


You had 6 spell levels left.
You didn't know any spells.

Dungeon Overview and Level Annotations

Branches:
Dungeon (1/1)

Altars:

Shops:
D %:=!:[}?=[(!=}[[

Annotations:
D exclusion: oklob plant, Roxanne


Innate Abilities, Weirdness & Mutations

You are tiny and cannot use many weapons and most armour.
You have supernaturally acute eyesight.
You are a herbivore.
You cover ground extremely quickly.
You need consume almost no food.
You have sharp toenails.
Your skin changes colour to match your surroundings (Stealth).
You evolve.


Message History

Moving in this stuff is going to be slow.
Marking area around Roxanne as unsafe for travelling.
You open the door.
Really walk into a travel-excluded area?
There is an open door here.
There is an open door here.
There is a staircase leading out of the dungeon here.
There is an open door here.
You see here a trident.
Wield which item (- for none, * to show all)? (? for menu, Esc to quit)
Okay, then.
Use which ability? (? or * to list)
You fade into invisibility!
You are very lightly contaminated with residual magic.
You feel quite a bit more hungry.
You open the door.
There is an open door here.
The kraken bites you!!!
Ouch! That really hurt!
You die...

##≈≈≈.........#
.#≈≈≈≈.##'##..#
.#≈≈≈≈##.#.##.####
.#≈≈≈≈#..##.#....#
.#≈≈####..#####..##
.#≈##.###'###.##..#
.#≈#.#.##.##.).#..#
.'≈'###'.<.'.#.'..###
.#≈#.#.##.##.%.#@...#
##≈##.###'###.##X.....≈≈
##≈≈####...####≈≈§.§.§≈#
##≈≈≈#..##.#≈≈≈≈§§≈§.§#
#'#≈####.##≈≈§§≈§≈≈.≈#
≈##[#≈≈##'##§≈≈≈§≈≈≈≈≈≈#
≈≈####≈≈≈≈≈≈≈§§≈≈≈≈≈§§§#
§≈ #+++#+++#≈≈≈§§≈ ≈§#
§§≈≈§ ≈≈#


You could see a kraken (wandering).

Vanquished Creatures
  A siren (D)
  2 hippogriffs (D)
  A crocodile (D)
  4 brain worms (D)
  A hell rat (D)
  3 worms (D)
12 creatures vanquished.

Vanquished Creatures (others)
  4 tentacles (D)
4 creatures vanquished.

Grand Total: 16 creatures vanquished

Notes
Turn   | Place    | Note
--------------------------------------------------------------
     0 | D        | Kidiri the Spriggan Assassin began the quest for the Orb.
     0 | D        | Reached XP level 1. HP: 10/10 MP: 2/2
     1 | D        | Noticed a brain worm
     1 | D        | Noticed a brain worm
     1 | D        | Noticed a brain worm
     1 | D        | Noticed a brain worm
     3 | D        | Killed a brain worm
     3 | D        | Reached skill level 5 in Dodging
     3 | D        | Reached skill level 8 in Stealth
     3 | D        | Reached XP level 2. HP: 14/16 MP: 3/3
     3 | D        | Reached XP level 3. HP: 16/19 MP: 4/4
     3 | D        | Reached XP level 4. HP: 19/23 MP: 5/5
     5 | D        | Killed a brain worm
     5 | D        | Reached skill level 5 in Short Blades
     5 | D        | Reached skill level 9 in Stealth
     5 | D        | Reached XP level 5. HP: 22/28 MP: 6/6
     7 | D        | Killed a brain worm
     7 | D        | Reached skill level 10 in Stealth
    20 | D        | Killed a brain worm
    20 | D        | Reached skill level 5 in Throwing
    20 | D        | Reached skill level 11 in Stealth
    20 | D        | Reached XP level 6. HP: 23/33 MP: 7/7
   110 | D        | Noticed a siren
   113 | D        | Killed a siren
   113 | D        | Reached skill level 12 in Stealth
   113 | D        | Reached XP level 7. HP: 36/38 MP: 8/8
   249 | D        | Noticed a hippogriff
   249 | D        | Noticed a hippogriff
   273 | D        | Killed a hippogriff
   273 | D        | Reached skill level 5 in Fighting
   273 | D        | Reached skill level 13 in Stealth
   282 | D        | Killed a hippogriff
   325 | D        | Found Woripnum's Jewellery Boutique.
   325 | D        | Found Fellowk's Antique Armour Boutique.
   325 | D        | Found Ygujojit's Distillery.
   326 | D        | Found Poygiar's Armour Shop.
   326 | D        | Found Sucweth's Antique Weapon Shop.
   326 | D        | Found Siudeapt's Antique Armour Boutique.
   326 | D        | Found Memuyhomn's Jewellery Shop.
   326 | D        | Found Lacwuxt's Magic Scroll Boutique.
   339 | D        | Noticed a flying skull
   340 | D        | Noticed a flying skull
   340 | D        | Noticed a flying skull
   340 | D        | Noticed a flying skull
   340 | D        | Noticed a flying skull
   340 | D        | Noticed a flying skull
   341 | D        | Noticed a flying skull
   341 | D        | Noticed a flying skull
   341 | D        | Noticed a crocodile
   342 | D        | Noticed a flying skull
   343 | D        | Killed a crocodile
   343 | D        | Reached skill level 14 in Stealth
   346 | D        | Noticed a flying skull
   349 | D        | Noticed a flying skull
   354 | D        | Noticed a flying skull
   367 | D        | Noticed a kraken
   392 | D        | Found Joostron's Gadget Shop.
   392 | D        | Found Jivu's Gadget Boutique.
   392 | D        | Found Ucras's Antique Armour Boutique.
   392 | D        | Noticed a slime creature
   393 | D        | Found Ofela's Book Shop.
   394 | D        | Noticed a slime creature
   400 | D        | Noticed a hell rat
   402 | D        | Killed a hell rat
   412 | D        | Found Posm's Distillery.
   412 | D        | Found Kitops's Jewellery Shop.
   412 | D        | Noticed a slime creature
   412 | D        | Noticed an oklob plant
   413 | D        | Found Iheodot's Book Shoppe.
   413 | D        | Found Opatetuj's Food Boutique.
   414 | D        | Noticed a spiny frog
   415 | D        | Noticed a spiny frog
   420 | D        | Noticed a great orb of eyes
   450 | D        | Bought the amulet of the Fool {Clar +Inv rC++ Str+3 Dex+4} for 794 gold pieces
   454 | D        | Bought a thick robe for 119 gold pieces
   464 | D        | Identified the cursed +0 robe of Biagubuff {rElec rCorr Str+4} (You bought it in a shop in the Dungeon)
   470 | D        | Bought a potion of mutation for 30 gold pieces
   470 | D        | Gained mutation: You have sharp toenails. [potion of mutation]
   470 | D        | Gained mutation: Your skin changes colour to match your surroundings (Stealth). [potion of mutation]
   470 | D        | Gained mutation: You evolve. [potion of mutation]
   500 | D        | Noticed Roxanne
   522 | D        | Slain by a kraken

Vault maps used:
D:        the_violet_keep_of_menkaure

Action                   |  1- 3 |  4- 6 |  7- 9 || total
-------------------------+-------+-------+-------++-------
Melee: Dagger            |     1 |    16 |    51 ||    68
 Fire: Blowgun           |       |       |    10 ||    10
 Abil: Evoke Invisibilit |       |       |     1 ||     1
  Use: Potion            |       |       |     1 ||     1
 Stab: Sleeping          |     1 |     3 |     2 ||     6
